Map: Nightshade LE

Players

BewwyCwuncH - Winner!

  • Race: Terran Terran
  • League: Grandmaster
  • Spawn Location: 11:00

UpATree

  • Race: Terran Terran
  • League: Master
  • Spawn Location: 5:00

VOD

Have the link to the VOD?

Description

Time

  • Played on: Jan. 21, 2020, 11:05 p.m.
  • Length: 10:46
Show
View Real Time Build Order
Export as new Build Order

BewwyCwuncH Terran - Winner!

Build Orders:  

Get SALT Encoding   

  12  0:01  SCV  
  13  0:13  SCV  
  14  0:17  Supply Depot  
  14  0:25  SCV  
  14  0:27  Refinery  
  15  0:39  SCV  
  16  0:45  Barracks  
  16  0:51  SCV  
  17  1:03  SCV  
  18  1:05  Refinery  
  18  1:15  SCV  
  19  1:27  SCV  
  20  1:39  Reaper  
  22  1:40  Factory  
  22  1:41  Orbital Command  
  21  1:49  Supply Depot  
  21  2:07  SCV  
  22  2:11  Reaper  
  23  2:19  SCV  
  24  2:28  Hellion  
  26  2:34  Command Center  
  26  2:36  SCV  
  27  2:43  Barracks Reactor  
  27  2:46  Starport  
  27  2:47  Supply Depot  
  27  2:49  Factory Tech Lab  
  27  2:52  SCV  
  28  3:04  SCV  
  29  3:09  Cyclone  
  32  3:21  SCV  
  32  3:25  Marine  
  32  3:26  Marine  
  34  3:33  SCV  
  34  3:34  Viking  
  36  3:43  Marine x2  
  36  3:45  SCV  
  37  3:49  Orbital Command  
  37  3:53  Refinery  
  37  3:57  SCV  
  38  4:02  Supply Depot  
  38  4:03  Factory Tech Lab  
  38  4:07  Marine x2  
  38  4:09  SCV  
  41  4:16  SCV  
  42  4:19  Raven  
  42  4:21  SCV  
  42  4:22  Siege Tank  
  48  4:27  Marine x2  
  48  4:28  Supply Depot  
  48  4:29  SCV  
  51  4:33  SCV  
  52  4:45  Marine x2, SCV  
  53  4:47  SCV  
  53  4:52  Supply Depot  
  56  4:54  Siege Tank  
  59  5:00  SCV  
  59  5:01  SCV  
  59  5:04  Command Center  
  61  5:13  Starport Reactor, Barracks  
  61  5:14  SCV x2, Barracks  
  62  5:21  Marine, Stimpack  
  64  5:26  SCV  
  64  5:27  SCV  
  69  5:28  Siege Tank  
  69  5:34  Refinery  
  69  5:36  Supply Depot  
  69  5:38  SCV  
  69  5:39  SCV  
  71  5:45  Engineering Bay  
  71  5:46  Engineering Bay  
  71  5:50  SCV  
  71  5:51  SCV  
  71  5:56  Marine  
  74  5:58  Starport Reactor  
  74  6:00  Marine x2, Siege Tank  
  74  6:03  SCV x2  
  81  6:08  Supply Depot  
  81  6:12  Terran Infantry Weapons Level 1  
  81  6:13  Terran Infantry Armor Level 1  
  81  6:16  Marine x3  
  84  6:19  Orbital Command  
  84  6:21  SCV  
  84  6:22  SCV  
  84  6:23  Marine  
  84  6:24  Marine  
  88  6:33  SCV  
  88  6:34  SCV, Siege Tank  
  88  6:39  Marine  
  92  6:42  Barracks  
  92  6:43  Barracks  
  92  6:46  SCV x2  
  94  6:48  Medivac x2  
  94  6:49  Marine  
  94  6:53  Marine x3  
  100  7:02  Marine  
  100  7:05  SCV x3  
  100  7:06  Siege Tank  
  100  7:07  Marine  
  108  7:10  Marine  
  108  7:12  Combat Shield  
  109  7:20  Armory  
  109  7:27  Marine x3  
  109  7:28  SCV x3, Medivac  
  109  7:29  Supply Depot  
  117  7:30  Supply Depot, Barracks Reactor  
  117  7:33  Barracks Reactor  
  117  7:46  Marine x5  
  117  7:47  SCV x3  
  117  7:51  Medivac, Siege Tank  
  129  7:59  SCV x2  
  129  8:03  Medivac  
  129  8:04  Marine x2  
  134  8:05  Marine x2  
  134  8:06  Marine  
  137  8:13  Marine x2  
  139  8:20  Marine x2  
  139  8:21  Terran Infantry Weapons Level 2, Terran Infantry Armor Level 2  
  139  8:22  Orbital Command  
  141  8:36  Refinery  
  141  8:37  Refinery  
  141  8:38  Marine x3  
  141  8:39  Marine  
  129  8:42  Marine x2  
  129  8:45  Marine x3  
  127  8:55  Marine x3  
  127  8:56  Marine  
  127  8:57  SCV  
  127  8:58  SCV  
  132  9:03  Factory  
  132  9:04  Marine  
  132  9:05  Marine  
  134  9:16  Marine  
  128  9:22  Marine x5  
  133  9:29  Marine  
  132  9:33  Marine x2, Siege Tank  
  132  9:34  Marine  
  132  9:38  Supply Depot x2  
  138  9:40  Marine x3  
  141  9:50  Marine x3  
  141  9:51  Marine  
  141  9:52  Marine x2  
  139  9:57  SCV, Marine  
  139  9:58  Marine x2  
  120  10:05  SCV x2  
  117  10:08  Marine x3  
  117  10:09  Marine x2, Factory Tech Lab  
  117  10:10  Marine, Supply Depot, Command Center  
  123  10:15  Marine x3  
  123  10:20  SCV  
  123  10:21  SCV  
  131  10:26  Marine x3  
  131  10:27  Marine x2  
  131  10:28  Marine  
  137  10:29  SCV  
Show
View Real Time Build Order
Export as new Build Order

UpATree Terran 

Build Orders: Reaper Expand 

Get SALT Encoding   

  12  0:00  SCV  
  13  0:12  SCV  
  14  0:19  Supply Depot  
  14  0:24  SCV  
  15  0:41  SCV  
  15  0:42  Barracks  
  16  0:48  Refinery  
  16  0:53  SCV  
  17  1:05  SCV  
  18  1:17  SCV  
  19  1:32  Orbital Command  
  19  1:33  Reaper  
  20  1:41  Command Center  
  20  1:57  SCV  
  20  1:58  Supply Depot  
  21  2:05  Marine  
  22  2:09  Factory  
  22  2:12  SCV  
  23  2:21  Refinery  
  23  2:23  Bunker  
  23  2:25  SCV  
  23  2:29  Barracks Reactor  
  24  2:37  SCV  
  25  2:49  SCV  
  26  2:54  Hellion  
  26  2:56  Starport  
  28  2:59  Orbital Command  
  28  3:01  SCV  
  29  3:06  Marine  
  29  3:07  Marine  
  29  3:30  SCV  
  29  3:33  Viking, Factory Tech Lab  
  31  3:39  Marine x2  
  34  3:42  SCV  
  34  3:47  SCV  
  35  3:50  Refinery  
  35  3:54  Cyclone  
  38  3:58  Marine x2  
  40  4:04  SCV x2  
  42  4:11  Starport Tech Lab  
  42  4:16  SCV x2  
  44  4:19  Marine x2  
  46  4:32  Supply Depot x2  
  46  4:34  SCV, Siege Tank  
  50  4:39  Raven  
  50  4:40  Marine  
  50  4:41  Marine  
  54  4:53  SCV x2  
  56  5:02  Command Center  
  56  5:06  SCV x2, Marine x2  
  60  5:11  Siege Tank  
  63  5:18  SCV  
  63  5:20  Supply Depot  
  63  5:21  SCV  
  65  5:26  Raven, Marine  
  68  5:31  Marine  
  68  5:32  SCV  
  70  5:42  SCV, Supply Depot  
  71  5:45  Siege Tank  
  71  5:48  SCV  
  75  5:54  Marine, SCV, Refinery  
  75  5:55  Marine  
  75  5:56  Supply Depot  
  78  6:04  SCV  
  79  6:08  SCV  
  80  6:13  Barracks  
  80  6:15  Barracks  
  80  6:18  Siege Tank  
  83  6:21  Starport Reactor  
  83  6:22  SCV  
  83  6:24  Orbital Command  
  84  6:29  Marine  
  84  6:30  Stimpack  
  84  6:31  SCV  
  86  6:34  SCV  
  86  6:35  Supply Depot  
  85  6:47  SCV  
  85  6:48  Marine  
  87  7:00  Siege Tank  
  90  7:01  Orbital Command  
  90  7:09  Barracks Reactor  
  90  7:13  SCV x2, Barracks  
  90  7:14  Barracks  
  90  7:15  Engineering Bay  
  92  7:17  Engineering Bay  
  92  7:20  Marine x3  
  92  7:21  Viking  
  97  7:28  SCV x3  
  100  7:37  Marine  
  100  7:40  SCV x3  
  100  7:43  Terran Infantry Weapons Level 1, Terran Infantry Armor Level 1  
  104  7:50  Armory  
  102  7:54  Marine x2  
  102  7:55  Marine  
  102  7:56  Siege Tank  
  102  7:58  SCV x2  
  110  7:59  SCV  
  110  8:02  Marine  
  110  8:04  Barracks Reactor  
  110  8:05  Barracks Reactor  
  112  8:07  Marine  
  112  8:12  Marine  
  116  8:18  Viking  
  116  8:20  Supply Depot, Viking  
  116  8:21  Supply Depot  
  116  8:23  Supply Depot  
  116  8:24  Marine  
  116  8:25  SCV  
  119  8:28  Supply Depot, Refinery  
  119  8:29  Supply Depot, Refinery  
  116  8:46  Marine  
  116  8:47  Marine x5  
  116  8:48  Siege Tank  
  120  8:52  SCV  
  120  8:53  Viking x2  
  125  8:58  SCV  
  125  9:02  Marine x3  
  129  9:03  SCV  
  129  9:05  SCV  
  131  9:12  Command Center  
  127  9:20  Marine x4  
  127  9:21  Siege Tank  
  127  9:23  SCV x2  
  136  9:29  Marine x3  
  137  9:31  SCV  
  137  9:35  SCV  
  90  10:05  Marine x7  
  87  10:07  Medivac x2, Siege Tank  
  87  10:08  Marine  
  87  10:10  Marine  
  96  10:16  SCV  
  96  10:17  Barracks  
  96  10:18  SCV, Barracks  
  96  10:19  Barracks  
  96  10:20  Supply Depot x2  
  98  10:22  Marine, Factory  
  98  10:23  Marine x4  
  103  10:34  Sensor Tower  
Tags
 
Add a new tag
Caveats
  • Supply blocks, unpowered buildings, or Contaminate may cause inaccurate times.
  • Supply counts are checked every 10 seconds.